 Dungeon Crawl Stone Soup version 0.32-a0-13-gbaedc5810e (webtiles) character file.

Game seed: 12813075907978842874

30 Ivernyr the Shield-Bearer (level 3, 0/29 HPs)
             Began as a Formicid Fighter on Jan 15, 2024.
             Slain by Terence
             ... wielding a +0 flail
              (2 damage)
             ... on level 2 of the Dungeon.
             The game lasted 00:01:59 (863 turns).

Ivernyr the Shield-Bearer (Formicid Fighter)         Turns: 863, Time: 00:01:59

Health: 0/29       AC:  9    Str: 22    XL:     3   Next: 37%
Magic:  3/3        EV:  9    Int:  7    God:
Gold:   71         SH:  6    Dex: 19    Spells: 2/2 levels left

rFire   . . .        a - +0 quarterstaff
rCold   . . .        c - +0 buckler
rNeg    . . .        b - +0 scale mail
rPois   .            (helmet unavailable)
rElec   .            (no cloak)
rCorr   .            h - +1 pair of gloves
SInv    +            (no boots)
Will    .....        (no amulet) Stlth
                     g - +6 ring of dexterity
HPRegen 0.24/turn    (no ring)
MPRegen 0.08/turn

%: no passive effects
@: no status effects
A: permanent stasis, dig shafts and tunnels, antennae 3, four strong arms
a: Dig, Shaft Self


You were on level 2 of the Dungeon.
You visited 1 branch of the dungeon, and saw 2 of its levels.

You collected 71 gold pieces.

Inventory:

Hand Weapons
 a - a +0 quarterstaff (weapon)
Armour
 b - a +0 scale mail (worn)
 c - a +0 buckler (worn)
 h - a +1 pair of gloves (worn)
Jewellery
 g - a +6 ring of dexterity (left hand)
 k - a ring of flight
Scrolls
 f - a scroll of teleportation {unknown}
 i - a scroll of brand weapon {unknown}
 m - a scroll of identify {unknown}
Potions
 d - a potion of might
 e - a potion of curing {unknown}
 j - a potion of ambrosia {unknown}
 l - a potion of cancellation {unknown}
 n - a potion of resistance {unknown}


   Skills:
 - Level 3.3 Fighting
 * Level 3.5 Staves
 - Level 3.3 Armour
 - Level 4.0 Shields


You had 2 spell levels left.
You didn't know any spells.
Your spell library contained the following spells:

 Spells                   Type           Power      Damage    Failure   Level
 Freeze                   Ice            0%         1d3       83%         1
 Magic Dart               Conj           0%         1d3       83%         1
 Call Imp                 Summ           0%         N/A       92%         2
 Frozen Ramparts          Ice            0%         1d1       99%         3
 Hailstorm                Conj/Ice       0%         3d5       99%         3
 Blink                    Tloc           Unusable   N/A       N/A         2

Dungeon Overview and Level Annotations

Branches:
Dungeon (2/15)

Altars:

Annotations:
D:2 Jessica, Terence


Innate Abilities, Weirdness & Mutations

You cannot be hasted, slowed, berserked, paralysed or teleported.
You can dig through walls and to a lower floor.
You have a pair of large antennae on your head. (SInv)
Your four strong arms can wield two-handed weapons with a shield.


Message History

The ball python constricts you.
The ball python's grasp on you weakens, but your attempt to escape fails.
A ball python comes into view.
The ball python bites you but does no damage.
The ball python constricts you.
The ball python hisses angrily.
You hit Terence but do no damage. Jessica barely misses you.
You block Terence's attack. The ball python bites you.
The ball python constricts you.
You escape the ball python's grasp.
Found 7 stones and a leather armour.
Jessica attacks as she pursues you! You block Jessica's attack.
You block the ball python's attack. The ball python grabs you.
The ball python constricts you. Terence hits you with a +0 flail.
Jessica closely misses you. The ball python closely misses you.
The ball python constricts you.
A kobold comes into view. It is wielding a +0 dagger.
You escape the ball python's grasp.
You block Terence's attack.
Jessica gestures wildly while chanting.
Jessica blinks!
A frilled lizard comes into view.
The ball python bites you but does no damage.
The ball python grabs you. The ball python constricts you.
Terence attacks as he pursues you! Terence hits you with a +0 flail.
You block the ball python's attack. The ball python constricts you.
You escape the ball python's grasp.
Terence attacks as he pursues you! Terence hits you but does no damage.
Terence attacks as he pursues you! You block Terence's attack.
Terence attacks as he pursues you! Terence hits you with a +0 flail!
* * * LOW HITPOINT WARNING * * *
The frilled lizard bites you but does no damage.
The frilled lizard attacks as it pursues you!
The frilled lizard bites you but does no damage.
Terence attacks as he pursues you! Terence closely misses you.
Terence attacks as he pursues you! Terence hits you with a +0 flail.
* * * LOW HITPOINT WARNING * * *
There is a stone staircase leading up here.
Jessica gestures wildly while chanting.
Jessica blinks!
Terence hits you with a +0 flail.
You die...
Terence says, "That felt goooood."

.. .# . ..#
##. #.# ...
#.# #.# #.#
{#..####.#####
#..........#
#.........#
##...@....#
#..S@l...####
#...S....#...
#..........#
#...ยง....###
#........#
#...@....# .#
#####w#.##
...## #...#..#


You could see Terence, a dart slug, Jessica (fast), 2 ball pythons and a frilled
lizard.

Vanquished Creatures
  A dart slug (D:1)
  4 endoplasms
  4 giant cockroaches (D:1)
  A goblin (D:1)
  3 hobgoblins (D:1)
  4 ball pythons (D:1)
  2 bats (D:1)
  2 frilled lizards
  3 kobolds (D:1)
  A rat (D:2)
25 creatures vanquished.

Notes
Turn   | Place    | Note
-------+----------+-------------------------------------------
     0 | D:1      | Ivernyr the Formicid Fighter began the quest for the Orb.
     0 | D:1      | Reached XP level 1. HP: 18/18 MP: 1/1
    90 | D:1      | Reached XP level 2. HP: 24/24 MP: 2/2
   464 | D:1      | Reached XP level 3. HP: 29/29 MP: 3/3
   480 | D:1      | Found a faded altar of an unknown god.
   839 | D:2      | Noticed Terence
   841 | D:2      | Noticed Jessica
   861 | D:2      | HP: 1/29 [Terence/+0 flail (5)]
   863 | D:2      | Slain by Terence

Illustrated notes

Levels and vault maps discovered:
D:1:      erik_arrival_cave_to_civilisation [erik_arrival_cave_to_hall],
          layout_basic, shapermc_ecumenical_altar_gd, serial_forest,
          infiniplex_forest_side_room, infiniplex_forest_clump_diagonal,
          infiniplex_forest_fountain, infiniplex_forest_clump_curved,
          infiniplex_forest_corner_2, infiniplex_forest_clump_medium,
          infiniplex_forest_corner_1, infiniplex_forest_straight_2,
          infiniplex_forest_lined_2, infiniplex_forest_end_double
D:2:      layout_rooms, uniq_jessica, uniq_terence

Skill      XL: |  1  2 |
---------------+-------+-----
Staves         | 3 |  3.5
Fighting       | |  3.3
Armour         | |  3.3
Shields        | |  4.0

Action                     || total
---------------------------++-------
  Melee: Quarterstaff      ||    51
 Armour: Scale mail        ||    39
  Dodge: Dodged            ||    34
  Block: Buckler           ||    26

Table legend: (Time is in decaauts)
 A = Elapsed time spent in this place.
 B = Non-inter-level travel time spent in this place.
 C = Inter-level travel time spent in this place.
 D = Time resting spent in this place.
 E = Time spent auto-exploring this place.
 F = Levels seen in this place.
 G = Mean time per level.
                   A        B        C        D        E       F      G
               +--------+--------+--------+--------+--------+-----+--------+
         Total |    872 |    865 |      7 |      0 |    675 |   2 |  436.0 |
       Dungeon |    872 |    865 |      7 |      0 |    675 |   2 |  436.0 |
               +--------+--------+--------+--------+--------+-----+--------+

Top non-repeatable levels by time:
     D:1: 830 daAuts
     D:2: 42 daAuts
